Map: Jagannatha LE

Players

Lambo - Winner!

  • Race: Zerg Zerg
  • League: Grandmaster
  • Spawn Location: 1:00

Astrea

  • Race: Protoss Protoss
  • League: Grandmaster
  • Spawn Location: 7:00

VOD

https://youtu.be/zGwVgq8VIsY

Description

Time

  • Played on: Jan. 15, 2021, 2:13 p.m.
  • Length: 9:53
Show
View Real Time Build Order
Export as new Build Order

Lambo Zerg - Winner!

Build Orders: Pool First, Muta Ling Bane 

Get SALT Encoding   

  12  0:17  Spawning Pool  
  11  0:22  Drone  
  11  0:26  Drone  
  13  0:30  Drone  
  14  0:40  Overlord  
  16  1:04  Queen, Zergling x4  
  16  1:05  Zergling x2  
  19  1:16  Zergling x2  
  20  1:26  Zergling x2  
  21  1:37  Hatchery  
  20  1:40  Drone  
  21  1:49  Overlord  
  21  1:59  Drone  
  22  2:08  Queen  
  22  2:12  Drone x2  
  26  2:15  Drone  
  26  2:17  Drone  
  28  2:23  Drone  
  28  2:29  Extractor  
  28  2:32  Drone  
  29  2:44  Drone  
  29  2:50  Drone x3  
  33  2:53  Drone  
  33  2:58  Overlord  
  34  3:01  Drone  
  35  3:12  Drone  
  36  3:13  Overlord  
  35  3:29  Drone x6  
  41  3:35  Drone  
  41  3:37  Metabolic Boost  
  41  3:41  Hatchery  
  41  3:43  Overlord  
  41  3:52  Queen  
  41  3:54  Drone  
  44  3:56  Drone  
  44  3:58  Queen  
  44  4:01  Drone  
  48  4:03  Drone x2  
  48  4:09  Drone x2  
  52  4:11  Overlord, Extractor  
  52  4:13  Drone  
  52  4:20  Overlord  
  52  4:29  Overlord  
  52  4:32  Overlord  
  52  4:33  Drone x4  
  52  4:34  Queen  
  52  4:36  Drone x2  
  60  4:41  Spore Crawler  
  60  4:42  Drone  
  60  4:45  Lair  
  60  4:48  Drone  
  61  4:53  Overlord  
  61  4:54  Drone  
  61  4:56  Queen  
  61  4:58  Drone  
  65  5:01  Drone  
  65  5:05  Drone x3  
  65  5:06  Drone  
  70  5:13  Drone x3  
  71  5:14  Drone  
  71  5:18  Drone  
  71  5:25  Drone x2  
  71  5:26  Drone  
  71  5:27  Drone  
  74  5:29  Evolution Chamber  
  74  5:31  Drone x2  
  74  5:32  Roach Warren, Extractor  
  73  5:35  Drone  
  73  5:37  Drone x2  
  76  5:44  Drone  
  76  5:45  Extractor x2  
  76  5:47  Extractor  
  76  5:49  Spire  
  73  5:53  Zergling x8  
  73  5:57  Drone  
  78  5:58  Zerg Missile Weapons Level 1  
  78  6:01  Drone  
  78  6:03  Drone x2, Spore Crawler x2  
  79  6:04  Drone x2  
  79  6:05  Drone  
  79  6:08  Drone x3  
  79  6:10  Hatchery  
  84  6:13  Glial Reconstitution  
  84  6:14  Overlord  
  84  6:19  Overlord  
  84  6:21  Overlord  
  84  6:24  Roach  
  86  6:26  Roach  
  86  6:29  Roach  
  86  6:32  Overlord  
  90  6:33  Roach x4  
  98  6:40  Drone x2  
  98  6:41  Drone  
  98  6:42  Drone  
  98  6:46  Drone x2  
  104  6:47  Baneling Nest  
  104  6:53  Roach x3  
  109  7:01  Drone x2  
  110  7:02  Drone x2  
  110  7:03  Extractor, Drone x3  
  114  7:11  Overlord  
  114  7:16  Mutalisk x4  
  114  7:17  Mutalisk  
  114  7:20  Mutalisk  
  114  7:22  Mutalisk  
  122  7:30  Mutalisk x4  
  122  7:34  Zergling x16  
  136  7:41  Centrifical Hooks  
  136  7:45  Overlord  
  136  7:47  Roach x2, Zergling x4  
  142  7:52  Overlord  
  142  7:55  Baneling x7  
  142  7:56  Overlord  
  142  7:57  Overlord, Ravager  
  143  7:59  Overlord  
  143  8:00  Overlord  
  143  8:01  Overlord, Ravager  
  143  8:03  Overlord  
  143  8:04  Overlord  
  144  8:06  Overlord  
  144  8:08  Baneling x6  
  144  8:13  Roach x3  
  144  8:16  Roach x2  
  144  8:18  Roach  
  153  8:23  Roach  
  153  8:24  Roach x3  
  160  8:27  Roach x2  
  160  8:30  Roach  
  160  8:31  Roach  
  166  8:34  Roach  
  166  8:35  Roach  
  166  8:39  Roach  
  166  8:40  Roach x2  
  165  8:43  Roach x3  
  165  8:46  Roach x2  
  163  8:50  Roach  
  163  8:54  Roach  
  143  8:56  Roach  
  143  8:57  Roach x3  
  143  9:00  Roach  
  143  9:01  Zergling x2  
  134  9:06  Roach x2  
  130  9:11  Zergling x4  
  129  9:17  Zergling x6  
  133  9:31  Roach x7  
Show
View Real Time Build Order
Export as new Build Order

Astrea Protoss 

Build Orders: Zealot Archon 

Get SALT Encoding   

  12  0:00  Probe  
  13  0:12  Probe  
  14  0:18  Pylon  
  14  0:24  Probe (Chrono Boost)  
  15  0:36  Probe (Chrono Boost)  
  15  0:39  Gateway  
  16  0:45  Probe (Chrono Boost)  
  16  0:47  Assimilator  
  17  0:51  Probe  
  18  1:03  Probe  
  19  1:15  Probe  
  19  1:17  Pylon  
  20  1:25  Pylon  
  20  1:27  Zealot (Chrono Boost)  
  20  1:28  Cybernetics Core  
  22  1:33  Probe  
  23  1:49  Zealot (Chrono Boost)  
  25  1:57  Nexus  
  25  2:08  Warp Gate, Adept (Chrono Boost)  
  25  2:11  Probe  
  28  2:17  Pylon  
  28  2:25  Probe  
  29  2:32  Pylon, Assimilator  
  29  2:37  Probe  
  30  2:49  Probe  
  30  2:51  Stargate  
  31  3:02  Stalker  
  31  3:03  Probe (Chrono Boost)  
  34  3:09  Probe (Chrono Boost)  
  34  3:12  Pylon  
  35  3:15  Probe (Chrono Boost)  
  35  3:19  Probe (Chrono Boost)  
  37  3:22  Probe (Chrono Boost)  
  37  3:25  Probe (Chrono Boost)  
  39  3:27  Probe (Chrono Boost)  
  39  3:29  Void Ray  
  38  3:36  Probe  
  38  3:40  Probe  
  44  3:48  Probe  
  45  3:52  Probe  
  46  3:59  Nexus  
  46  4:00  Probe  
  47  4:04  Probe  
  47  4:06  Pylon  
  47  4:09  Oracle (Chrono Boost)  
  48  4:13  Probe  
  48  4:16  Probe  
  53  4:22  Assimilator  
  53  4:25  Probe  
  53  4:26  Assimilator  
  53  4:28  Probe  
  55  4:31  Robotics Facility  
  55  4:37  Probe  
  55  4:38  Pylon  
  56  4:40  Probe  
  56  4:41  Forge  
  56  4:44  Twilight Council  
  57  4:50  Probe  
  57  4:52  Probe  
  59  5:02  Probe  
  59  5:04  Probe  
  60  5:14  Probe  
  60  5:16  Probe  
  60  5:17  Probe  
  63  5:22  Gateway x2  
  63  5:23  Warp Prism (Chrono Boost), Adept, Templar Archives  
  63  5:26  Probe  
  66  5:30  Probe  
  66  5:31  Probe  
  68  5:38  Probe (Chrono Boost), Protoss Ground Weapons Level 1 (Chrono Boost)  
  69  5:43  Probe x2 (Chrono Boost)  
  69  5:45  Charge  
  71  5:51  Probe (Chrono Boost)  
  71  5:53  Pylon  
  71  5:55  Probe x2 (Chrono Boost)  
  74  5:59  Probe (Chrono Boost), Pylon  
  74  6:01  Probe (Chrono Boost)  
  77  6:11  Gateway  
  76  6:12  Gateway x2  
  76  6:14  Gateway  
  76  6:17  High Templar x2  
  80  6:21  Archon  
  80  6:23  Observer  
  81  6:27  Assimilator  
  81  6:29  Gateway, Assimilator  
  81  6:31  Photon Cannon  
  81  6:35  Pylon  
  81  6:36  Probe x3  
  84  6:41  Pylon  
  84  6:43  Gateway  
  84  6:44  Gateway  
  84  6:45  High Templar  
  86  6:47  Immortal  
  86  6:50  High Templar  
  86  6:52  Probe  
  86  6:54  Probe x2, Archon  
  95  7:00  Pylon x2  
  95  7:01  Pylon  
  95  7:08  Sentry x3  
  95  7:12  Zealot x2  
  105  7:27  Immortal  
  109  7:31  High Templar x2, Zealot x2  
  109  7:32  Zealot x4  
  125  7:37  Archon  
  125  7:38  Pylon  
  125  7:40  Pylon  
  125  7:48  Zealot x2  
  129  7:51  Pylon  
  129  7:56  Nexus  
  129  7:58  High Templar  
  129  7:59  High Templar, Zealot x4  
  129  8:03  Zealot x2  
  129  8:04  Archon  
  145  8:10  Photon Cannon x2  
  141  8:16  Photon Cannon  
  124  8:39  Zealot x8  
  104  8:53  Zealot x2  
  81  9:02  Zealot x4  
  50  9:12  High Templar x4  
  52  9:18  Archon x2  
  49  9:29  Probe x2  
Tags
 
Add a new tag
Caveats
  • Supply blocks, unpowered buildings, or Contaminate may cause inaccurate times.
  • Supply counts are checked every 10 seconds.